[Event "EYTCC Open U12 2018"]
[Site "Bad Blankeburg"]
[Date "2018.07.13"]
[Round "3"]
[White "Sokolovsky, Yahli"]
[Black "Stalmach, Richard"]
[Result "1/2-1/2"]
[ECO "B18"]
[WhiteElo "2106"]
[BlackElo "2063"]
[Annotator "NA"]
[PlyCount "132"]
[EventDate "2018.07.12"]
[EventType "swiss"]
[EventCountry "GER"]
[SourceTitle "playchess.com"]
[Source "ChessBase"]
[SourceQuality "1"]
[TimeControl "40/5400+30:1800+30"]

1. e4 c6 2. d4 d5 3. Nc3 dxe4 4. Nxe4 Bf5 5. Ng3 Bg6 6. h4 h6 7. h5 Bh7 8. Nf3 Nd7 9. Bd3 Bxd3 10. Qxd3 e6 11. Bd2 Ngf6 12. O-O-O Be7 13. Kb1 Qb6 14. Ne4 Rd8 15. c4 c5 16. Be3 O-O 17. Rhg1 Qa6 18. Nxf6+ Bxf6 19. g4 cxd4 20. Bxd4 Ne5 21. Nxe5 Bxe5 22. Qc3 Rxd4 23. Rxd4 Bxd4 24. Qxd4 Qa5 25. Rd1 Rc8 26. b3 a6 27. f3 Qc7 28. Qd7 Kf8 29. Kc2 b5 30. Qxc7 Rxc7 31. Kc3 bxc4 32. bxc4 Ke7 33. a4 Rc6 34. Kb4 Rd6 35. Rc1 Rd3 36. Kc5 Kd7 37. Rb1 Rxf3 38. Rb7+ Kc8 39. Ra7 e5 40. Re7 Rf4 41. Rxe5 Rxg4 42. Re7 Rf4 43. Ra7 Rf5+ 44. Kb6 Rf6+ 45. Ka5 g5 46. hxg6 fxg6 47. c5 h5 48. Rh7 Re6 49. Kb4 Re4+ 50. Ka5 h4 51. Kxa6 Rxa4+ 52. Kb6 g5 53. Rh5 Rb4+ 54. Kc6 Kb8 55. Rxg5 Rf4 56. Rh5 Rg4 57. Rh7 Rg6+ 58. Kb5 Kc8 59. Rxh4 Rf6 60. Rh8+ Kc7 61. Rh7+ Kc8 62. Ra7 Kb8 63. Ra4 Kb7 64. Rd4 Rh6 65. Rd6 Rh7 66. Ra6 Rh1 1/2-1/2

[Event "EYTCC Open U12 2018"]
[Site "Bad Blankeburg"]
[Date "2018.07.13"]
[Round "3"]
[White "Strybuk, Artsiom I"]
[Black "Droin, Augustin"]
[Result "1-0"]
[ECO "B92"]
[WhiteElo "2079"]
[BlackElo "2095"]
[Annotator "NA"]
[PlyCount "59"]
[EventDate "2018.07.12"]
[EventType "swiss"]
[EventCountry "GER"]
[SourceTitle "playchess.com"]
[Source "ChessBase"]
[SourceQuality "1"]
[TimeControl "40/5400+30:1800+30"]

1. e4 c5 2. Nf3 d6 3. d4 cxd4 4. Nxd4 Nf6 5. Nc3 a6 6. Be2 e5 7. Nb3 Be6 8. Bf3 Be7 9. O-O O-O 10. Re1 Nbd7 11. a4 Qc7 12. Nd2 Nb6 13. Nf1 Rad8 14. Ne3 Nc4 15. Ned5 Bxd5 16. Nxd5 Nxd5 17. exd5 f5 18. b3 Nb6 19. c4 Bf6 20. Ra2 Rde8 21. Rc2 g6 22. Ba3 Nd7 23. c5 e4 24. Be2 dxc5 25. b4 e3 26. fxe3 Rxe3 27. d6 Qc6 28. Bc4+ Kh8 29. Rxe3 Bd4 30. Bb2 1-0

[Event "EYTCC Open U12 2018"]
[Site "Bad Blankeburg"]
[Date "2018.07.13"]
[Round "3"]
[White "Levin, Guy"]
[Black "Babula, Vlastimil"]
[Result "1-0"]
[ECO "A34"]
[WhiteElo "2008"]
[BlackElo "1800"]
[Annotator "NA"]
[PlyCount "49"]
[EventDate "2018.07.12"]
[EventType "swiss"]
[EventCountry "GER"]
[SourceTitle "playchess.com"]
[Source "ChessBase"]
[SourceQuality "1"]
[TimeControl "40/5400+30:1800+30"]

1. c4 Nf6 2. Nc3 c5 3. g3 g6 4. Bg2 Bg7 5. e3 e6 6. Nge2 Nc6 7. d4 cxd4 8. Nxd4 Nxd4 9. Qxd4 O-O 10. Qd6 Ne8 11. Qd3 Qc7 12. O-O Rb8 13. b3 d5 14. Ba3 Qa5 15. Bxf8 dxc4 16. Qxc4 Kxf8 17. b4 Qa3 18. Qc5+ Kg8 19. Qe7 Bd7 20. Qxd7 Bxc3 21. Rac1 Nf6 22. Qc7 Re8 23. Qxc3 Qxc3 24. Rxc3 Re7 25. Rfc1 1-0

[Event "EYTCC Open U12 2018"]
[Site "Bad Blankeburg"]
[Date "2018.07.13"]
[Round "3"]
[White "Kures, Michael"]
[Black "Mizrahi, Ido"]
[Result "0-1"]
[ECO "C28"]
[WhiteElo "1982"]
[BlackElo "1914"]
[Annotator "NA"]
[PlyCount "126"]
[EventDate "2018.07.12"]
[EventType "swiss"]
[EventCountry "GER"]
[SourceTitle "playchess.com"]
[Source "ChessBase"]
[SourceQuality "1"]
[TimeControl "40/5400+30:1800+30"]

1. e4 e5 2. Nc3 Nf6 3. Bc4 Nc6 4. d3 Na5 5. Nf3 Nxc4 6. dxc4 d6 7. h3 Be7 8. Qe2 h6 9. Be3 c6 10. O-O-O Qc7 11. g4 Be6 12. g5 Ng8 13. Rdg1 O-O-O 14. h4 h5 15. Nd2 g6 16. f4 exf4 17. Bxf4 Qa5 18. Rh2 Bf8 19. e5 d5 20. cxd5 cxd5 21. Nb3 Qb6 22. Rg3 a6 23. Qd2 Kb8 24. Be3 Qc7 25. Na4 Qc4 26. Qa5 Rc8 27. Nbc5 Qb5 28. Qxb5 axb5 29. Nxe6 fxe6 30. Nb6 Rd8 31. c3 Ne7 32. Rf3 Nf5 33. Kc2 Nxe3+ 34. Rxe3 Bc5 35. Rf3 Bxb6 36. Rf6 Rhg8 37. Rxe6 Bc7 38. Rf2 Rde8 39. Rxe8+ Rxe8 40. Rf6 Rg8 41. e6 Bd8 42. Kd3 Kc7 43. Rf7+ Kd6 44. Rxb7 Kxe6 45. Rxb5 Bc7 46. a4 Ra8 47. b3 Ra6 48. Kd4 Be5+ 49. Kd3 Rc6 50. c4 dxc4+ 51. bxc4 Ra6 52. Ke4 Bg3 53. Rb7 Bxh4 54. Rg7 Bxg5 55. Rxg6+ Bf6 56. Kf3 Rxa4 57. Kg2 Rxc4 58. Kh1 Kf5 59. Rg2 Bg5 60. Rf2+ Bf4 61. Rf1 Kg4 62. Rg1+ Bg3 63. Rg2 Kf3 0-1

[Event "EYTCC Open U12 2018"]
[Site "Bad Blankeburg"]
[Date "2018.07.13"]
[Round "3"]
[White "Patole, Noam"]
[Black "Navumenka, Mikhei"]
[Result "1/2-1/2"]
[ECO "C06"]
[WhiteElo "1981"]
[BlackElo "1965"]
[Annotator "NA"]
[PlyCount "170"]
[EventDate "2018.07.12"]
[EventType "swiss"]
[EventCountry "GER"]
[SourceTitle "playchess.com"]
[Source "ChessBase"]
[SourceQuality "1"]
[TimeControl "40/5400+30:1800+30"]

1. e4 e6 2. d4 d5 3. Nd2 Nf6 4. e5 Nfd7 5. Bd3 c5 6. c3 Nc6 7. Ne2 cxd4 8. cxd4 f6 9. exf6 Nxf6 10. O-O Bd6 11. Nf3 Qc7 12. Nc3 a6 13. h3 O-O 14. Re1 Bd7 15. Bd2 Rae8 16. Rc1 Qb8 17. a3 Kh8 18. Bg5 Bf4 19. Bxf4 Qxf4 20. Ne2 Qd6 21. Ng3 e5 22. Rxc6 Qxc6 23. dxe5 Ng8 24. Ng5 h6 25. Qh5 Re7 26. Nf3 Rf4 27. e6 Rxe6 28. Ne5 Qb6 29. Ng6+ Rxg6 30. Qxg6 Qxg6 31. Bxg6 Rf6 32. Bh5 Rb6 33. b4 Nf6 34. Rd1 Bb5 35. Bf7 Bc4 36. Nf5 a5 37. bxa5 Ra6 38. Ne3 Rxa5 39. Nxc4 dxc4 40. Bxc4 Rxa3 41. Rd8+ Kh7 42. Rb8 Rc3 43. Bb5 Rc7 44. Rf8 Nd5 45. h4 g6 46. Rd8 Ne7 47. g3 Kg7 48. Kg2 h5 49. Rd6 Kf7 50. Bd3 Rc6 51. Rd7 b6 52. Be4 Rf6 53. Rb7 Ke8 54. Rb8+ Kd7 55. Rb7+ Ke8 56. f3 Re6 57. Kf2 Kd8 58. Ra7 Nc8 59. Ra3 b5 60. Ke3 Nd6 61. Kd4 Nxe4 62. fxe4 Ke7 63. Ra7+ Kf6 64. Rb7 Rd6+ 65. Ke3 Ra6 66. Rxb5 Rc6 67. Kd4 Rd6+ 68. Ke3 Rc6 69. Kf4 Rc3 70. Rb6+ Kf7 71. e5 Rc4+ 72. Kg5 Rg4+ 73. Kh6 Rxg3 74. Rf6+ Ke7 75. Rxg6 Re3 76. Rg5 Re4 77. Kxh5 Ke6 78. Rg4 Rxe5+ 79. Kh6 Kf7 80. Rg5 Re6+ 81. Kh7 Rf6 82. h5 Rf4 83. h6 Rf3 84. Ra5 Rf2 85. Ra7+ Ke8 1/2-1/2

[Event "EYTCC Open U12 2018"]
[Site "Bad Blankeburg"]
[Date "2018.07.13"]
[Round "3"]
[White "Hlavina, Matous"]
[Black "Aizenberg, Benny"]
[Result "0-1"]
[ECO "B40"]
[WhiteElo "1776"]
[BlackElo "1941"]
[Annotator "NA"]
[PlyCount "86"]
[EventDate "2018.07.12"]
[EventType "swiss"]
[EventCountry "GER"]
[SourceTitle "playchess.com"]
[Source "ChessBase"]
[SourceQuality "1"]
[TimeControl "40/5400+30:1800+30"]

1. e4 c5 2. Nf3 e6 3. d4 cxd4 4. Nxd4 Nf6 5. Nc3 Nc6 6. Ndb5 Bb4 7. a3 Bxc3+ 8. Nxc3 d5 9. exd5 exd5 10. Bd3 O-O 11. O-O d4 12. Ne4 Nxe4 13. Bxe4 Re8 14. Bd3 Ne5 15. Be2 Bf5 16. f4 Nc6 17. Bd3 Bxd3 18. Qxd3 Rc8 19. Bd2 Qb6 20. Rab1 Ne7 21. Rfe1 Nd5 22. Rxe8+ Rxe8 23. Kf1 g6 24. a4 Qf6 25. Qb5 Ne3+ 26. Bxe3 Rxe3 27. Qxb7 Qxf4+ 28. Kg1 Re2 29. Rf1 Qe3+ 30. Kh1 Qf2 31. Qf3 Qxf3 32. gxf3 Rxc2 33. Rd1 Rxb2 34. Rxd4 Ra2 35. Re4 Kg7 36. Kg1 a5 37. h4 f5 38. Rc4 Kh6 39. Rf4 Kh5 40. Kh1 Rb2 41. Rc4 Rb4 42. Rc7 Kxh4 43. Rxh7+ Kg3 0-1

[Event "EYTCC Open U12 2018"]
[Site "Bad Blankeburg"]
[Date "2018.07.13"]
[Round "3"]
[White "Klachkou, Platon"]
[Black "Razafindratsima, Timothe"]
[Result "1/2-1/2"]
[ECO "D90"]
[WhiteElo "1576"]
[BlackElo "1975"]
[Annotator "NA"]
[PlyCount "115"]
[EventDate "2018.07.12"]
[EventType "swiss"]
[EventCountry "GER"]
[SourceTitle "playchess.com"]
[Source "ChessBase"]
[SourceQuality "1"]
[TimeControl "40/5400+30:1800+30"]

1. d4 Nf6 2. c4 g6 3. Nc3 d5 4. Nf3 Bg7 5. h3 O-O 6. Bf4 c5 7. e3 Nc6 8. Be2 cxd4 9. exd4 b6 10. O-O Bb7 11. Rc1 Rc8 12. b3 Ne4 13. Be3 e6 14. a3 Ne7 15. Nxe4 dxe4 16. Ne1 Nf5 17. Nc2 Qd6 18. Qd2 Rfd8 19. Rfd1 Nxe3 20. fxe3 Bf8 21. b4 Qg3 22. Qe1 Qg5 23. h4 Qh6 24. Qf2 Bd6 25. Rf1 f5 26. c5 Be7 27. g3 g5 28. hxg5 Bxg5 29. Rcd1 Bd5 30. Kg2 Rd7 31. Rh1 Qf6 32. Rdf1 Rg7 33. Kg1 Bh4 34. Rh3 Kh8 35. Kh2 Bg5 36. Ne1 Rf8 37. Ng2 e5 38. dxe5 Qxe5 39. Nf4 Bxf4 40. Qxf4 Qxf4 41. Rxf4 bxc5 42. bxc5 Rc7 43. Bg4 Be6 44. Rh6 Bc8 45. Bh3 Rxc5 46. g4 Rc2+ 47. Bg2 Rg8 48. Kh1 Rg6 49. Rh5 Rc1+ 50. Kh2 Rxg4 51. Rxg4 fxg4 52. Bxe4 Rc7 53. Kg3 Re7 54. Kf4 Rf7+ 55. Kg3 Re7 56. Kf4 Rf7+ 57. Kg3 Re7 58. Kf4 1/2-1/2

[Event "EYTCC Open U12 2018"]
[Site "Bad Blankeburg"]
[Date "2018.07.14"]
[Round "4"]
[White "Stalmach, Richard"]
[Black "Bui, Bao Anh Le"]
[Result "0-1"]
[ECO "D30"]
[WhiteElo "2063"]
[BlackElo "1883"]
[Annotator "NA"]
[PlyCount "80"]
[EventDate "2018.07.12"]
[EventType "swiss"]
[EventCountry "GER"]
[SourceTitle "playchess.com"]
[Source "ChessBase"]
[SourceQuality "1"]
[TimeControl "40/5400+30:1800+30"]

1. d4 d5 2. c4 e6 3. Nf3 c6 4. e3 Nf6 5. Bd3 Nbd7 6. O-O Be7 7. Nc3 b6 8. e4 dxe4 9. Nxe4 Bb7 10. Re1 O-O 11. b3 c5 12. Bb2 cxd4 13. Nxd4 Nc5 14. Nxf6+ $11 Bxf6 15. Bc2 g6 16. Qg4 h5 17. Qf4 e5 18. Rxe5 Bxe5 19. Qxe5 Nd7 20. Qd6 Qg5 21. g3 Rad8 22. Ne6 fxe6 23. Qxe6+ Kh7 24. h4 Nc5 25. Qe1 Nd3 26. Bxd3 Qc5 27. Rd1 Rde8 28. Qf1 Qc6 29. Kh2 Qf3 30. Rd2 Re1 31. Bxg6+ Kh6 32. Be4 Bxe4 33. Rd6+ Kh7 34. Rd7+ Kg6 35. Rd6+ Kf5 36. Qh3+ Qg4 37. f3 Re2+ 38. Kg1 Qxh3 39. fxe4+ Kg4 40. Rg6+ Kf3 0-1

[Event "EYTCC Open U12 2018"]
[Site "Bad Blankeburg"]
[Date "2018.07.14"]
[Round "4"]
[White "Schubert, Nikita"]
[Black "Hlavina, Matous"]
[Result "0-1"]
[ECO "D77"]
[WhiteElo "1984"]
[BlackElo "1776"]
[Annotator "NA"]
[PlyCount "122"]
[EventDate "2018.07.12"]
[EventType "swiss"]
[EventCountry "GER"]
[SourceTitle "playchess.com"]
[Source "ChessBase"]
[SourceQuality "1"]
[TimeControl "40/5400+30:1800+30"]

1. d4 Nf6 2. Nf3 g6 3. c4 d5 4. g3 Bg7 5. Bg2 O-O 6. O-O dxc4 7. Na3 c3 8. bxc3 c5 9. Bb2 Nc6 10. Re1 Qc7 11. e3 Rd8 12. Qe2 Bg4 13. h3 Bxf3 14. Bxf3 e5 15. Bg2 a6 16. Rac1 Rac8 17. Bxc6 Qxc6 18. dxe5 Ne4 19. Nc4 b5 20. Nd6 Nxd6 21. exd6 c4 22. Ba3 Bf8 23. Red1 Rd7 24. e4 Bxd6 25. Bxd6 Rxd6 26. Rxd6 Qxd6 27. Rd1 Qe5 28. Qe3 Re8 29. Rd4 Qe6 30. f4 Qxh3 31. Rd6 Re6 32. Rd8+ Kg7 33. Qd4+ Kh6 34. Qe3 Qf5 35. Rd4 Kg7 36. Kg2 Re8 37. Qf3 Qc5 38. f5 Qe5 39. g4 g5 40. Kh3 Re7 41. Kg2 b4 42. Rxc4 bxc3 43. Rxc3 f6 44. Re3 Rc7 45. Qe2 a5 46. Rd3 Re7 47. Re3 a4 48. Qf3 Rb7 49. Re2 Rb4 50. Qd3 Rd4 51. Qf3 Rc4 52. Kh3 a3 53. Kg2 Rc3 54. Re3 Rc2+ 55. Re2 Qb2 56. Rxc2 Qxc2+ 57. Qf2 Qxe4+ 58. Kh3 Qh1+ 59. Kg3 Qh4+ 60. Kf3 Qxf2+ 61. Kxf2 h5 0-1

[Event "EYTCC Open U12 2018"]
[Site "Bad Blankeburg"]
[Date "2018.07.14"]
[Round "4"]
[White "Gokcek, Kursat Bugra"]
[Black "Hagner, Bennet"]
[Result "1/2-1/2"]
[ECO "B13"]
[WhiteElo "1974"]
[BlackElo "1947"]
[Annotator "NA"]
[PlyCount "97"]
[EventDate "2018.07.12"]
[EventType "swiss"]
[EventCountry "GER"]
[SourceTitle "playchess.com"]
[Source "ChessBase"]
[SourceQuality "1"]
[TimeControl "40/5400+30:1800+30"]

1. e4 c6 2. d4 d5 3. exd5 cxd5 4. Bd3 Nc6 5. c3 Nf6 6. Bf4 Bg4 7. Qb3 Qd7 8. Nd2 e6 9. Ngf3 Bd6 10. Bg5 Bxf3 11. Nxf3 h6 12. Bh4 O-O-O 13. Bg3 Rhe8 14. O-O Nh5 15. Bxd6 Qxd6 16. Bb5 f6 17. Rfe1 g5 18. Rac1 Nf4 19. Bf1 g4 20. Nh4 Rg8 21. g3 Nh3+ 22. Bxh3 gxh3 23. Kh1 Rg4 24. Nf3 Kb8 25. Qb5 Rdg8 26. Qf1 e5 27. Rcd1 e4 28. Ng1 Ne7 29. Qxh3 Nf5 30. Ne2 R4g5 31. Rg1 e3 32. f3 Qd7 33. g4 Nd6 34. Qxh6 Qe7 35. Rg3 Nf7 36. Qh3 Nd6 37. Qh6 Nc4 38. h4 R5g6 39. Qf4+ Ka8 40. b3 Nb2 41. Rf1 Nd3 42. Qf5 Nf2+ 43. Kg2 Qd6 44. Nf4 R6g7 45. Re1 Qa6 46. a4 Qb6 47. Rxe3 Nd1 48. Rd3 Qxb3 49. Kh2 1/2-1/2

[Event "EYTCC Open U12 2018"]
[Site "Bad Blankeburg"]
[Date "2018.07.14"]
[Round "4"]
[White "Laux, Dominik"]
[Black "Kures, Michael"]
[Result "1/2-1/2"]
[ECO "A45"]
[WhiteElo "1943"]
[BlackElo "1982"]
[Annotator "NA"]
[PlyCount "61"]
[EventDate "2018.07.12"]
[EventType "swiss"]
[EventCountry "GER"]
[SourceTitle "playchess.com"]
[Source "ChessBase"]
[SourceQuality "1"]
[TimeControl "40/5400+30:1800+30"]

1. d4 Nf6 2. Bf4 g6 3. Nc3 d5 4. e3 c6 5. Nf3 Bg7 6. Bd3 O-O 7. Qe2 b5 8. h3 a5 9. Ne5 Bb7 10. h4 Nh5 11. Bh2 f5 (11... Bxe5 $11 {remains equal.} 12. Bxe5 Nd7) 12. Bxf5 Rxf5 13. g4 Bxe5 $16 14. dxe5 d4 15. gxf5 dxc3 16. fxg6 Qd2+ 17. Qxd2 cxd2+ 18. Kxd2 hxg6 19. Ke2 Nd7 20. Rhg1 Nf8 21. e4 Kf7 22. Rad1 Bc8 23. f4 Be6 24. a3 c5 25. Kf3 Rc8 26. Rg2 c4 27. Bg1 a4 28. c3 Nd7 29. Rgd2 Rc7 30. Bf2 Ng7 31. Be3 1/2-1/2

[Event "EYTCC Open U12 2018"]
[Site "Bad Blankeburg"]
[Date "2018.07.14"]
[Round "4"]
[White "Deuer, Marius"]
[Black "Ozkan, Taha"]
[Result "1-0"]
[ECO "C07"]
[WhiteElo "1834"]
[BlackElo "1891"]
[Annotator "NA"]
[PlyCount "63"]
[EventDate "2018.07.12"]
[EventType "swiss"]
[EventCountry "GER"]
[SourceTitle "playchess.com"]
[Source "ChessBase"]
[SourceQuality "1"]
[TimeControl "40/5400+30:1800+30"]

1. e4 e6 2. d4 d5 3. Nd2 c5 4. exd5 Qxd5 5. dxc5 Bxc5 6. Ngf3 Nf6 7. Bc4 Qc6 8. O-O O-O 9. b3 b5 10. Bd3 Bb7 11. Bb2 Nbd7 12. Qe2 a6 13. Rae1 Bb6 14. Ne4 Nd5 15. Qd2 b4 16. Bc4 Rad8 $11 17. Nd4 Bxd4 18. Qxd4 N5f6 19. f3 Rfe8 20. Qf2 Nd5 21. Qg3 e5 22. f4 f5 23. fxe5 fxe4 24. e6 g6 25. Rf7 Qc5+ 26. Kh1 Rxe6 27. Rg7+ Kf8 28. Rf1+ Ke8 29. Rg8+ Nf8 30. Bg7 Kd7 31. Bxf8 Qa7 32. Bxd5 1-0

[Event "EYTCC Open U12 2018"]
[Site "Bad Blankeburg"]
[Date "2018.07.14"]
[Round "4"]
[White "Babula, Vlastimil"]
[Black "Eilenberg, Jonas"]
[Result "1-0"]
[ECO "C54"]
[WhiteElo "1800"]
[BlackElo "1910"]
[Annotator "NA"]
[PlyCount "81"]
[EventDate "2018.07.12"]
[EventType "swiss"]
[EventCountry "GER"]
[SourceTitle "playchess.com"]
[Source "ChessBase"]
[SourceQuality "1"]
[TimeControl "40/5400+30:1800+30"]

1. e4 e5 2. Nf3 Nc6 3. Bc4 Bc5 4. c3 Nf6 5. d3 d6 6. Nbd2 a6 7. a4 {[%emt 0:00:56] C54: Giuoco Piano: 4 c3 Nf6, main lines with 5 d4 and 5 d3} (7. Bb3 O-O 8. Nf1 Be6 9. Ng3 h6 10. O-O Ba7 11. Be3 Re8 12. Bxa7 Rxa7 13. Re1 d5 14. exd5 Bxd5 15. d4 Bxb3 16. Qxb3 exd4 17. Rxe8+ Qxe8 18. cxd4 {0-1 (53) Ponomariov,R (2694)-Fressinet,L (2662) Riadh 2017}) 7... Ba7 8. O-O O-O 9. Re1 Nh5 10. Nf1 Qf6 11. Bg5 $146 ({Predecessor:} 11. Ne3 Bxe3 12. Bxe3 Bg4 13. d4 Nf4 14. Bxf4 Qxf4 15. Be2 Rae8 16. h3 Bxf3 17. Bxf3 exd4 18. cxd4 {½-½ (18) Fritsche,F (2359)-Borkovec,M ICCF email 2009}) 11... Qg6 12. Qd2 h6 13. Be3 Bg4 14. Qe2 Bxe3 15. Qxe3 Nf4 16. Ng3 h5 17. h3 Be6 18. Ba2 Qf6 $11 19. d4 Ne7 20. dxe5 dxe5 21. Ne2 Neg6 22. Nxf4 Nxf4 23. Bxe6 fxe6 24. h4 Rad8 25. Rad1 b6 26. Ng5 c5 27. b3 b5 28. axb5 axb5 29. Rf1 c4 30. bxc4 bxc4 31. Rxd8 Qxd8 32. g3 Qe7 33. gxf4 Rxf4 34. Qh3 Rg4+ 35. Kh1 Kh8 36. Ra1 Qf8 37. f3 Rf4 38. Kg2 Qd8 39. Qxe6 Qd2+ 40. Kg3 Rg4+ 41. Qxg4 1-0

[Event "EYTCC Open U12 2018"]
[Site "Bad Blankeburg"]
[Date "2018.07.14"]
[Round "4"]
[White "Adiguzel, Ufuk Alp"]
[Black "Nitsche, Nikolai"]
[Result "1-0"]
[ECO "A08"]
[WhiteElo "1686"]
[BlackElo "1726"]
[Annotator "NA"]
[PlyCount "69"]
[EventDate "2018.07.12"]
[EventType "swiss"]
[EventCountry "GER"]
[SourceTitle "playchess.com"]
[Source "ChessBase"]
[SourceQuality "1"]
[TimeControl "40/5400+30:1800+30"]

1. e4 e6 2. d3 d5 3. Nd2 c5 4. Ngf3 Nc6 5. g3 Nf6 6. Bg2 Be7 7. O-O O-O 8. Re1 dxe4 9. dxe4 e5 10. c3 Bg4 11. Qc2 Qc7 12. a4 b6 13. Nc4 a6 14. Bg5 b5 15. Ne3 Be6 16. Bxf6 Bxf6 17. Nd5 Bxd5 18. exd5 Ne7 19. Qe4 Ng6 20. axb5 axb5 21. Rxa8 Rxa8 22. d6 Qa7 23. Nh4 Rc8 24. Nf5 Nf8 25. Nh6+ Kh8 26. Ng4 Nd7 27. Nxf6 gxf6 28. Qf5 Kg7 29. Re4 Rg8 30. Rg4+ Kf8 31. Rxg8+ Kxg8 32. Be4 Nf8 33. Qxf6 Qa1+ 34. Kg2 Qxb2 35. Bd5 1-0

[Event "EYTCC Open U12 2018"]
[Site "Bad Blankeburg"]
[Date "2018.07.14"]
[Round "4"]
[White "Ermitsch, Magnus"]
[Black "Kabadayi, Suleyman Arda"]
[Result "0-1"]
[ECO "B53"]
[WhiteElo "1594"]
[BlackElo "1650"]
[Annotator "NA"]
[PlyCount "52"]
[EventDate "2018.07.12"]
[EventType "swiss"]
[EventCountry "GER"]
[SourceTitle "playchess.com"]
[Source "ChessBase"]
[SourceQuality "1"]
[TimeControl "40/5400+30:1800+30"]

1. e4 c5 2. Nf3 d6 3. d4 cxd4 4. Qxd4 Nc6 5. Bb5 Bd7 6. Bxc6 Bxc6 7. Nc3 Nf6 8. Bg5 e6 9. O-O-O Be7 10. Qd3 O-O 11. Nd4 Rc8 12. h4 Qa5 13. f4 Qa6 14. Qh3 Rfe8 15. Bxf6 Bxf6 16. g4 b5 17. Qd3 Bxd4 18. Qxd4 d5 19. h5 dxe4 20. h6 e5 21. fxe5 e3 22. Rh5 Bf3 23. e6 f6 24. Qd7 Qb7 25. Rxb5 Qc7 26. Rb7 Qxb7 0-1

[Event "EYTCC Open U12 2018"]
[Site "Bad Blankeburg"]
[Date "2018.07.15"]
[Round "5"]
[White "Sokolovsky, Yahli"]
[Black "Pasztor, Balazs"]
[Result "1-0"]
[ECO "C77"]
[WhiteElo "2106"]
[BlackElo "2141"]
[Annotator "NA"]
[PlyCount "59"]
[EventDate "2018.07.12"]
[EventType "swiss"]
[EventCountry "GER"]
[SourceTitle "playchess.com"]
[Source "ChessBase"]
[SourceQuality "1"]
[TimeControl "40/5400+30:1800+30"]

1. e4 e5 2. Nf3 Nc6 3. Bb5 a6 4. Ba4 Nf6 5. Nc3 d6 6. a3 {[%emt 0:05:09] C77: Spanische Partie (Anderssen-Variante)} (6. O-O b5 7. Bb3 Na5 8. h3 Be7 9. d3 O-O 10. Ne2 Nxb3 11. axb3 h6 12. Ng3 Be6 13. d4 exd4 14. Nxd4 Re8 15. Nxe6 fxe6 16. Qe2 Qd7 17. Rd1 Qc6 18. c3 Rf8 19. Kh1 Rf7 20. b4 Nd7 21. Be3 Ne5 22. Bd4 Raf8 23. f3 Ng6 24. Be3 Bf6 {½-½ (24) Bruzon Batista,L (2659)-Ghaem Maghami,E (2596) Berlin 2015}) 6... g6 7. d3 Bg7 8. O-O O-O 9. Nd5 $146 ({Vorgänger:} 9. h3 Nd7 10. Bb3 Nc5 11. Ba2 Ne6 12. Be3 Kh8 13. Qd2 Ncd4 14. Bxd4 exd4 {1-0 (25) Dmochowska,A (2099)-Pankiewicz,T (2240) Poland 2017}) 9... Nxd5 10. exd5 Ne7 11. Bb3 Nf5 12. c3 c5 13. Be3 h6 14. a4 g5 15. Nd2 Nh4 16. f3 f5 17. Bf2 h5 18. Bxh4 gxh4 19. f4 Qe8 20. Nf3 h3 21. Ng5 exf4 22. Nxh3 f3 23. Qxf3 f4 24. Nxf4 $18 Bg4 25. Qg3 b5 26. h3 Bf5 27. Ne6 Bxe6 28. dxe6 Rxf1+ 29. Rxf1 c4 30. Rf7 1-0

[Event "EYTCC Open U12 2018"]
[Site "Bad Blankeburg"]
[Date "2018.07.15"]
[Round "5"]
[White "Fule, Simon"]
[Black "Mizrahi, Ido"]
[Result "1-0"]
[ECO "B18"]
[WhiteElo "2061"]
[BlackElo "1914"]
[Annotator "NA"]
[PlyCount "83"]
[EventDate "2018.07.12"]
[EventType "swiss"]
[EventCountry "GER"]
[SourceTitle "playchess.com"]
[Source "ChessBase"]
[SourceQuality "1"]
[TimeControl "40/5400+30:1800+30"]

1. e4 c6 2. d4 d5 3. Nd2 dxe4 4. Nxe4 Bf5 5. Ng3 Bg6 6. h4 h6 7. Nf3 e6 8. Ne5 Bh7 9. Bd3 Bxd3 10. Qxd3 Nf6 11. Bd2 Nbd7 12. f4 Be7 13. O-O-O O-O 14. h5 Qb6 $11 15. Kb1 Rad8 16. Ne2 c5 17. c3 cxd4 18. cxd4 Nxe5 19. fxe5 Nd5 20. g4 Nb4 21. Bxb4 Qxb4 22. Qe4 Rd7 23. Rh3 Rfd8 24. Rhd3 Qa5 25. Nc3 Bb4 26. Qe3 Bxc3 27. bxc3 Rd5 28. Ka1 Qa4 29. g5 Ra5 30. R3d2 Kh7 31. gxh6 gxh6 32. Rf1 Qe8 33. Rf6 Qf8 34. Rdf2 Rd7 35. Rg6 f5 36. Rxe6 Rf7 37. Rg2 f4 38. Qe4+ Kh8 39. Rgg6 Rh7 40. Qxf4 Qd8 41. Qf6+ Qxf6 42. Re8+ 1-0

[Event "EYTCC Open U12 2018"]
[Site "Bad Blankeburg"]
[Date "2018.07.15"]
[Round "5"]
[White "Tancsa, Tamas"]
[Black "Aizenberg, Benny"]
[Result "0-1"]
[ECO "B04"]
[WhiteElo "2023"]
[BlackElo "1941"]
[Annotator "NA"]
[PlyCount "96"]
[EventDate "2018.07.12"]
[EventType "swiss"]
[EventCountry "GER"]
[SourceTitle "playchess.com"]
[Source "ChessBase"]
[SourceQuality "1"]
[TimeControl "40/5400+30:1800+30"]

1. e4 Nf6 2. e5 Nd5 3. d4 d6 4. Nf3 dxe5 5. Nxe5 e6 6. Be2 Bd6 7. Nf3 O-O 8. O-O b6 9. c4 Nf6 10. Nc3 Bb7 11. Be3 Nbd7 12. Qc2 Qe7 13. a3 c5 14. Rfd1 cxd4 15. Nxd4 Rac8 16. b4 Ne5 17. Ndb5 Bb8 18. c5 Nfg4 19. Bd4 Qg5 20. Qd2 Qg6 21. g3 Nf3+ 22. Bxf3 Bxf3 23. Qd3 Bxd1 24. Qxg6 hxg6 25. Rxd1 e5 26. Be3 Nxe3 27. fxe3 bxc5 28. Nd5 Rfe8 29. Rc1 a6 30. Nbc3 cxb4 31. axb4 Kf8 32. Ra1 Re6 33. Na4 Ba7 34. Kh1 Rd6 35. e4 Rc4 36. b5 Bd4 37. Nab6 Rxb6 38. Nxb6 Bxb6 39. bxa6 Ba7 40. Kg2 Rc2+ 41. Kf3 f5 42. exf5 gxf5 43. g4 Rf2+ 44. Kg3 f4+ 45. Kh3 Rc2 46. Ra5 g5 47. Rxe5 Bg1 48. Rf5+ Ke7 0-1

[Event "EYTCC Open U12 2018"]
[Site "Bad Blankeburg"]
[Date "2018.07.15"]
[Round "5"]
[White "Spizharny, Mikhail"]
[Black "Laux, Dominik"]
[Result "0-1"]
[ECO "B12"]
[WhiteElo "2015"]
[BlackElo "1943"]
[Annotator "NA"]
[PlyCount "68"]
[EventDate "2018.07.12"]
[EventType "swiss"]
[EventCountry "GER"]
[SourceTitle "playchess.com"]
[Source "ChessBase"]
[SourceQuality "1"]
[TimeControl "40/5400+30:1800+30"]

1. e4 c6 2. d4 d5 3. e5 Bf5 4. h4 h5 5. c4 e6 6. Nc3 Ne7 7. Bg5 dxc4 8. Bxc4 Nd7 9. Nge2 f6 10. exf6 gxf6 11. Be3 Nb6 12. Bb3 Nbd5 13. Ng3 Bg6 14. O-O Kf7 15. Qf3 Nf5 16. Bc2 Nxh4 17. Bxg6+ Nxg6 18. Nxh5 Be7 19. Ng3 f5 20. Rfe1 Bd6 21. Nce4 Nh4 22. Nxd6+ Qxd6 23. Qe2 Rag8 24. Bd2 Qe7 25. Qe5 Ng6 26. Qe2 Ngf4 27. Qe5 Qh4 28. Bxf4 Nxf4 29. Qc7+ Kg6 30. Rxe6+ Nxe6 31. Qxb7 Nxd4 32. Qd7 Qh2+ 33. Kf1 Qh1+ 34. Nxh1 Rxh1# 0-1